AoeStats
← Herby

Socotra

506313655Analyzed
4v4 RM · 19d ago on Sep 13, 2026· 28m 46s· 8 players
Game mode
Random Map
Map size
148×148
Population
200
Speed
Normal
Resources
Standard
Victory
Conquest
Starting age
Dark Age
Ending age
Imperial Age
RankedLock teamsTeams togetherTeam positionsShared explorationLock speedFull tech treeHidden civsTurbo modeCheats
Victory
Defeat
🇲🇽 Romans · Mexico
1405
+12
🇲🇽 Khmer · Mexico
1385
+12
🇲🇽 Georgians · Mexico
1337
+14
🇨🇴 Japanese · Colombia
1319
+35
🇦🇷 Khitans · Argentina
1328
-14
🇦🇷 Ethiopians · Argentina
1308
-14
🇦🇷 Franks · Argentina
1288
-13
🇦🇷 Magyars · Argentina
1280
-12
[KoA]M4GNO
Patt
4:53 Loom
9:21 Feudal Age
10:20 Double-Bit Axe
11:53 Horse Collar
18:24 Wheelbarrow
23:13 Castle Age
21:05 Gold Mining
21:29 Bloodlines
21:51 Scale Barding Armor
24:47 Husbandry
25:04 Bow Saw
ManCoVsky
6:54 Loom
9:46 Feudal Age
10:23 Double-Bit Axe
12:40 Loom
13:49 Gold Mining
16:48 Horse Collar
17:41 Padded Archer Armor
18:35 Wheelbarrow
18:46 Fletching
24:38 Castle Age
29:39 Castle Age
Vinago
7:08 Loom
9:38 Feudal Age
11:41 Double-Bit Axe
16:50 Wheelbarrow
17:01 Scale Barding Armor
17:37 Forging
21:13 Castle Age
20:07 Gold Mining
mairlarabe
6:45 Loom
10:27 Feudal Age
13:54 Scale Barding Armor
17:38 Bloodlines
21:39 Forging
26:32 Castle Age
27:23 Husbandry
27:35 Husbandry
28:11 Chain Barding Armor
Herby
7:44 Loom
10:16 Feudal Age
14:33 Castle Age
14:16 Double-Bit Axe
16:27 Bow Saw
25:49 Redemption
28:41 Ballistics
[Pb] Komodo 3000
2:07 Loom
10:57 Feudal Age
15:39 Castle Age
21:56 Scale Barding Armor
25:00 Bloodlines
半夏花凉
Connection lost

Rejoining the realm…

Still unreachable

The connection could not be restored.

Session expired

The server has moved on; the page needs a fresh start.